Map: Acid Plant LE

Players

Neeb

  • Race: Protoss Protoss
  • Spawn Location: 11:00

Lambo - Winner!

  • Race: Zerg Zerg
  • Spawn Location: 5:00

Event: WCS Leipzig 2018

VOD

Have the link to the VOD?

Description

Time

  • Played on: Jan. 26, 2018, 1:52 p.m.
  • Length: 8:34

All games in this series

Show
View Real Time Build Order
Export as new Build Order

Neeb Protoss 

Build Orders: 1 Gate Expand, Oracle Opening 

Get SALT Encoding   

  12  0:00  Probe  
  13  0:12  Probe  
  14  0:18  Pylon  
  14  0:25  Probe  
  15  0:31  Assimilator  
  15  0:37  Probe (Chrono Boost)  
  16  0:44  Gateway  
  16  0:49  Probe (Chrono Boost)  
  17  0:54  Probe (Chrono Boost)  
  18  1:05  Probe  
  19  1:17  Probe  
  20  1:24  Nexus  
  20  1:36  Cybernetics Core  
  20  1:38  Probe  
  21  1:44  Assimilator  
  21  1:50  Probe  
  22  1:55  Pylon  
  22  2:02  Probe  
  23  2:13  Stargate  
  23  2:14  Probe  
  24  2:16  Adept (Chrono Boost)  
  26  2:26  Probe  
  27  2:35  Adept  
  29  2:37  Probe  
  29  2:38  Probe  
  31  2:50  Probe (Chrono Boost)  
  33  2:54  Oracle (Chrono Boost)  
  33  2:55  Probe (Chrono Boost)  
  36  2:58  Warp Gate  
  36  3:01  Probe (Chrono Boost)  
  36  3:05  Probe (Chrono Boost), Adept  
  40  3:06  Probe (Chrono Boost)  
  41  3:15  Probe  
  41  3:17  Probe  
  44  3:27  Probe  
  44  3:29  Probe  
  45  3:36  Oracle (Chrono Boost)  
  45  3:39  Probe  
  45  3:41  Probe  
  45  3:45  Gateway  
  45  3:46  Gateway  
  46  3:48  Pylon  
  46  3:55  Pylon  
  46  4:01  Assimilator  
  46  4:02  Assimilator  
  46  4:09  Robotics Facility  
  46  4:13  Probe x2  
  46  4:14  Twilight Council  
  48  4:19  Pylon  
  48  4:25  Probe (Chrono Boost)  
  48  4:29  Probe (Chrono Boost)  
  50  4:36  Probe (Chrono Boost)  
  52  4:40  Probe (Chrono Boost)  
  52  4:41  Probe (Chrono Boost)  
  53  4:46  Resonating Glaives (Chrono Boost)  
  53  4:49  Probe, Pylon  
  53  4:51  Probe  
  55  5:01  Probe  
  55  5:02  Adept x2  
  55  5:04  Probe  
  61  5:08  Adept  
  61  5:11  Pylon  
  63  5:16  Probe  
  63  5:18  Probe  
  64  5:22  Adept x2  
  69  5:28  Probe  
  69  5:29  Nexus  
  69  5:30  Adept, Pylon  
  69  5:31  Probe, Pylon  
  71  5:40  Probe  
  72  5:43  Adept x2, Probe  
  77  5:52  Adept, Probe  
  77  5:55  Probe, Pylon  
  81  5:59  Immortal  
  85  6:06  Probe  
  85  6:07  Adept x2  
  85  6:09  Probe  
  91  6:13  Adept  
  91  6:16  Shield Battery  
  88  6:18  Probe  
  88  6:21  Probe  
  87  6:30  Probe  
  86  6:33  Probe  
  86  6:35  Sentry, Immortal (Chrono Boost)  
  86  6:36  Sentry x2  
  87  6:42  Probe, Gateway  
  87  6:43  Probe  
  87  6:44  Gateway  
  87  6:45  Probe  
  86  6:54  Probe, Pylon  
  86  6:58  Probe  
  86  7:00  Probe  
  86  7:01  Adept, Sentry x2  
  93  7:03  Robotics Bay  
  93  7:05  Forge  
  95  7:10  Immortal (Chrono Boost)  
  99  7:16  Shield Battery  
  99  7:17  Pylon  
  99  7:22  Pylon  
  99  7:27  Adept, Sentry x2  
  99  7:28  Probe x2  
  103  7:33  Shield Battery  
  103  7:36  Pylon  
  103  7:39  Immortal (Chrono Boost)  
  100  7:50  Adept x4  
  102  7:52  Probe x2  
  94  8:04  Adept  
  91  8:13  Adept x2  
  91  8:14  Adept x2  
  90  8:20  Gateway  
  90  8:22  Gateway  
  90  8:24  Gateway  
  81  8:27  Gateway  
  81  8:32  Adept  
Show
View Real Time Build Order
Export as new Build Order

Lambo Zerg - Winner!

Build Orders: Hatch First 

Get SALT Encoding   

  12  0:00  Drone  
  13  0:13  Overlord  
  13  0:17  Drone  
  14  0:31  Drone  
  14  0:32  Drone  
  16  0:38  Drone  
  17  0:50  Hatchery  
  17  0:54  Drone  
  17  0:58  Drone  
  18  1:08  Extractor  
  17  1:12  Spawning Pool  
  17  1:15  Drone  
  18  1:18  Drone  
  18  1:32  Drone  
  19  1:50  Overlord  
  19  1:55  Drone  
  20  2:03  Queen x2  
  20  2:05  Zergling x4  
  26  2:08  Metabolic Boost  
  26  2:12  Drone  
  27  2:16  Drone  
  28  2:23  Drone  
  28  2:25  Drone  
  30  2:34  Drone  
  31  2:37  Drone  
  32  2:45  Drone  
  32  2:49  Hatchery  
  32  2:55  Overlord  
  32  3:00  Drone x2  
  34  3:06  Zergling x2  
  34  3:07  Zergling x2  
  34  3:10  Spore Crawler  
  35  3:13  Drone, Spore Crawler  
  35  3:14  Drone x2  
  35  3:15  Zergling x4  
  39  3:22  Drone  
  39  3:25  Drone  
  40  3:37  Drone x3  
  39  3:45  Drone x4  
  39  3:47  Drone  
  44  3:49  Lair  
  44  3:55  Drone  
  43  3:58  Overlord  
  43  4:00  Overlord  
  43  4:05  Extractor x2  
  43  4:07  Drone x4  
  45  4:12  Drone  
  45  4:15  Drone  
  45  4:16  Drone  
  48  4:21  Drone x3  
  51  4:24  Drone  
  51  4:30  Spore Crawler  
  51  4:33  Spore Crawler  
  51  4:34  Drone x2  
  51  4:35  Spore Crawler  
  51  4:36  Spore Crawler  
  51  4:39  Drone x2  
  53  4:46  Spore Crawler  
  53  4:47  Drone  
  53  4:49  Drone  
  53  4:50  Drone x3  
  53  4:52  Hydralisk Den, Queen  
  58  4:54  Drone  
  61  5:03  Extractor  
  61  5:05  Drone  
  61  5:07  Overlord  
  61  5:10  Zergling x6  
  63  5:14  Zergling x4  
  63  5:19  Overlord  
  66  5:21  Zergling x4  
  66  5:22  Overlord  
  66  5:25  Overlord  
  66  5:27  Muscular Augments  
  66  5:30  Overlord  
  66  5:35  Overlord  
  66  5:41  Zergling x2, Hydralisk x4  
  75  5:44  Hydralisk  
  73  5:52  Hydralisk x2  
  77  5:57  Hydralisk  
  77  5:58  Hydralisk x2  
  77  6:01  Hydralisk  
  85  6:06  Zergling x6  
  86  6:12  Hydralisk x2  
  87  6:18  Hydralisk  
  87  6:19  Zergling x6  
  87  6:24  Hydralisk x2  
  87  6:25  Zergling x2  
  96  6:31  Hydralisk x2  
  96  6:32  Zergling x2  
  95  6:36  Zergling x4  
  95  6:39  Hydralisk  
  93  6:43  Hydralisk  
  94  6:50  Hydralisk  
  94  6:51  Hydralisk x2  
  94  6:53  Zergling x4  
  101  6:56  Hydralisk  
  101  6:59  Zergling x4  
  104  7:02  Zergling x4  
  104  7:07  Zergling x4  
  108  7:09  Hydralisk  
  108  7:13  Overlord  
  110  7:16  Overlord  
  110  7:19  Overlord  
  110  7:20  Overlord  
  110  7:29  Overlord  
  102  7:30  Hydralisk x3  
  102  7:32  Zergling x2  
  102  7:34  Zergling x2  
  102  7:35  Zergling x2  
  109  7:41  Zergling x2  
  109  7:42  Zergling x2  
  109  7:43  Zergling x4  
  92  7:51  Zergling x2  
  92  7:52  Zergling x10  
  92  7:54  Zergling x4  
  92  7:57  Zergling x2  
  94  7:59  Zergling x2  
  91  8:07  Hydralisk x2  
  91  8:12  Zergling x4  
Tags
 
Add a new tag
Caveats
  • Supply blocks, unpowered buildings, or Contaminate may cause inaccurate times.
  • Supply counts are checked every 10 seconds.